 Dungeon Crawl Stone Soup version 0.28.0-45-g0d030f2227 (webtiles) character file.

Game seed: 2802640392447581081

3356 protoss039 the Skirmisher (level 10, -18/64 HPs)
             Began as a Gargoyle Fighter on Apr 12, 2022.
             Was a Follower of Okawaru.
             Demolished by a komodo dragon (24 damage)
             ... on level 8 of the Dungeon.
             The game lasted 00:21:11 (10281 turns).

protoss039 the Skirmisher (Gargoyle Fighter)       Turns: 10281, Time: 00:21:11

Health: -18/64     AC: 19    Str: 23    XL:     10   Next: 3%
Magic:  13/13      EV:  8    Int: 10    God:    Okawaru [*.....]
Gold:   512        SH:  9    Dex:  9    Spells: 9/9 levels left

rFire   . . .      SeeInvis .   N - +3 war axe (vorpal)
rCold   . . .      Faith    .   K - +0 kite shield
rNeg    + . .      Spirit   .   L - +3 scale mail
rPois   ∞          Reflect  .   (no helmet)
rElec   +          Harm     .   (no cloak)
rCorr   +          Rampage  .   v - +0 pair of gloves
Will    +....                   (no boots)
Stlth   ..........              m - amulet of the acrobat
HPRegen 0.20/turn               M - ring of resist corrosion
MPRegen 0.13/turn               a - ring of willpower

@: no status effects
A: sickness immunity, AC +7, negative energy resistance 1, electricity
resistance, torment resistance 1, petrification resistance
a: Renounce Religion, Heroism


You were on level 8 of the Dungeon.
You worshipped Okawaru.
Okawaru was aware of your devotion.
You visited 2 branches of the dungeon, and saw 9 of its levels.

You collected 512 gold pieces.

Inventory:

Hand Weapons
 N - a +3 vorpal war axe (weapon)
Missiles
 E - 7 boomerangs (quivered)
 I - 2 silver javelins
Armour
 v - a +0 pair of gloves (worn)
 y - a +2 ring mail of fire resistance
 K - a +0 kite shield (worn)
 L - a +3 scale mail (worn)
Jewellery
 a - a ring of willpower (right hand)
 d - a ring of protection from fire
 m - an amulet of the acrobat (around neck)
 M - a ring of resist corrosion (left hand)
Wands
 w - a wand of polymorph (1)
 A - a wand of paralysis (2)
 B - a wand of acid (2)
Scrolls
 b - a scroll of vulnerability {unknown}
 e - a scroll of immolation {unknown}
 h - a scroll of identify
 i - a scroll of summoning {unknown}
 j - 2 scrolls of teleportation
 k - a scroll of fog {unknown}
 q - a scroll of torment {unknown}
 r - a scroll of enchant weapon {unknown}
 t - 2 scrolls of noise {unknown}
 u - a scroll of enchant armour {unknown}
 z - a scroll of magic mapping {unknown}
 C - a scroll of brand weapon {unknown}
 D - a scroll of fear {unknown}
 G - a scroll of acquirement {unknown}
Potions
 c - a potion of resistance {unknown}
 f - 3 potions of heal wounds
 g - 2 potions of mutation {unknown}
 l - 4 potions of lignification
 n - a potion of flight {unknown}
 o - a potion of invisibility {unknown}
 p - 6 potions of curing
 s - 2 potions of ambrosia {unknown}
 x - a potion of berserk rage {unknown}
 F - a potion of haste
 H - 2 potions of degeneration {unknown}


   Skills:
 + Level 7.8 Fighting
 + Level 6.2 Axes
 + Level 7.8 Armour
 + Level 7.8 Shields
 * Level 5.1 Invocations


You had 9 spell levels left.
You didn't know any spells.
Your spell library contained the following spells:

 Spells                   Type           Power      Damage    Failure   Level
 Foxfire                  Conj/Fire      0%         2x1d4     91%         1
 Magic Dart               Conj           0%         1d3       91%         1
 Ensorcelled Hibernation  Hex/Ice        0%         N/A       97%         2
 Passwall                 Tmut/Erth      0%         N/A       97%         2
 Wereblood                Tmut           0%         N/A       97%         2
 Conjure Flame            Conj/Fire      0%         6-21      100%        3
 Inner Flame              Hex/Fire       0%         N/A       100%        3
 Mephitic Cloud           Conj/Pois/Air  0%         N/A       100%        3
 Ozocubu's Armour         Ice            0%         N/A       100%        3
 Portal Projectile        Hex/Tloc       0%         N/A       100%        3
 Swiftness                Air            0%         N/A       100%        3
 Flame Wave               Conj/Fire      0%         2d4       100%        4
 Blade Hands              Tmut           0%         N/A       100%        5
 Excruciating Wounds      Necr           0%         N/A       100%        5
 Ozocubu's Refrigeration  Ice            0%         4d5       100%        7
 Call Imp                 Summ           Unusable   N/A       N/A         2
 Sublimation of Blood     Necr           Unusable   N/A       N/A         2
 Summon Hydra             Summ           Unusable   N/A       N/A         7

Dungeon Overview and Level Annotations

Branches:
Dungeon (8/15)             Temple (1/1) D:5
   Lair: D:8-11

Altars:
Ashenzari
Cheibriados
Dithmenos
Elyvilon
Fedhas
Gozag
Hepliaklqana
Kikubaaqudgha
Makhleb
Nemelex Xobeh
Okawaru
Qazlal
Ru
Sif Muna
Trog
Uskayaw
Vehumet
Wu Jian
Xom
Yredelemnul
Zin
The Shining One
Beogh

Shops:
D:6 *

Annotations:
D:7 2 transporters, Olga's ghost, novice DDFi


Innate Abilities, Weirdness & Mutations

You are immune to sickness and miasma.
Your stone body is resilient. (AC +7)
You are immune to poison.
You resist negative energy. (rN+)
You are resistant to electric shocks. (rElec)
You are resistant to unholy torment.
You are immune to petrification.


Message History

Unknown command.
You barely miss the komodo dragon. The komodo dragon bites you.
Unknown command.
You slash the komodo dragon!
The komodo dragon is moderately wounded.
The komodo dragon closely misses you. The komodo dragon bites you!!
* * * LOW HITPOINT WARNING * * *
Unknown command.
Unknown command.
You feel much better. You block the komodo dragon's attack.
Unknown command.
Unknown command.
Unknown command.
Unknown command.
You hit the komodo dragon but do no damage.
The komodo dragon is moderately wounded.
You block the komodo dragon's attack.
Aiming: Corrosive Bolt
Press: ? - help, Shift-Dir - straight line, f - komodo dragon
Aim: a komodo dragon (moderately wounded, 79% to hit)
The bolt of acid hits the komodo dragon.
The komodo dragon is heavily wounded.
The komodo dragon bites you!
Unknown command.
Aiming: Corrosive Bolt
Press: ? - help, Shift-Dir - straight line, f/p - komodo dragon
Aim: a komodo dragon (heavily wounded, 79% to hit)
The bolt of acid hits the komodo dragon!
The komodo dragon is almost dead.
The komodo dragon barely misses you.
Unknown command.
Unknown command.
You hit the komodo dragon but do no damage.
The komodo dragon is almost dead.
The komodo dragon bites you!!
* * * LOW HITPOINT WARNING * * *
You barely miss the komodo dragon.
The komodo dragon is almost dead.
The komodo dragon bites you!!
You die...

##### ....# ##### ## ###.#
#######...##....#
###.####.........##.....
.........#####.#.##..... #
.##.##.### #.###....... .#
.##.##.# ##.#@....... ..#
....##.# ##l#....##....#
.##.##.# ##.#....##!...#
.##.##.#######.............#
.......#..........##.##...##
.......#..........##.##..##
.##..#.#.................#
#....#.#........#.)....#.#
####.#.#>......#.....###


You could see a komodo dragon.

Vanquished Creatures
  A hornet (D:8)
  Prince Ribbit (D:5)
  Sigmund (D:4)
  2 ice beasts
  2 sky beasts (D:7)
  3 orc warriors (D:7)
  A necrophage (D:2)
  An ogre (D:6)
  3 centaurs
  A phantom (D:7)
  A kobold brigand (D:8)
  3 scorpions
  A bullfrog (D:6)
  2 killer bees
  2 howler monkeys (D:7)
  3 centaur zombies
  5 hounds
  2 orc priests
  3 bullfrog skeletons
  2 centaur skeletons
  A gnoll shaman (D:4)
  An iron imp (D:8)
  A jelly (D:8)
  5 iguanas
  6 orc wizards
  8 adders
  12 gnolls
  A white imp (D:8)
  2 ufetubi
  An adder skeleton (D:4)
  2 worms
  3 dart slugs (D:1)
  27 orcs
  6 ball pythons
  9 endoplasms
  7 giant cockroaches
  18 goblins
  11 hobgoblins
  5 jackals
  3 quokkas
  9 bats
  4 frilled lizards
  12 kobolds
  10 rats
204 creatures vanquished.

Notes
Turn   | Place    | Note
-------+----------+-------------------------------------------
     0 | D:1      | protoss039 the Gargoyle Fighter began the quest for the
                  | Orb.
     0 | D:1      | Reached XP level 1. HP: 14/14 MP: 1/1
   118 | D:1      | Reached XP level 2. HP: 16/19 MP: 2/2
   285 | D:1      | Reached XP level 3. HP: 24/24 MP: 3/3
   657 | D:1      | You fall into a shaft and drop 1 floor!
  1288 | D:2      | Noticed a necrophage
  1301 | D:2      | Killed a necrophage
  1302 | D:2      | Reached XP level 4. HP: 12/29 MP: 4/4
  1302 | D:2      | Reached XP level 5. HP: 14/33 MP: 5/5
  2627 | D:3      | Reached XP level 6. HP: 39/39 MP: 6/6
  4122 | D:4      | Reached skill level 5 in Fighting
  4122 | D:4      | Reached skill level 5 in Armour
  4122 | D:4      | Reached skill level 5 in Shields
  4137 | D:4      | Noticed Edmund
  4146 | D:4      | Noticed Edmund
  4146 | D:4      | Edmund changed into Edmund the killer bee
  4163 | D:4      | Killed Edmund the killer bee
  4164 | D:4      | Reached XP level 7. HP: 19/44 MP: 7/7
  4530 | D:5      | Entered Level 5 of the Dungeon
  4751 | D:5      | Found a glowing silver altar of Zin.
  4892 | D:5      | Noticed Sigmund
  5041 | D:4      | Killed Sigmund
  5100 | D:5      | Reached XP level 8. HP: 50/51 MP: 8/8
  5314 | D:5      | Noticed Prince Ribbit
  5350 | D:5      | Killed Prince Ribbit
  5671 | D:5      | Found a stormy altar of Qazlal.
  5761 | D:5      | Found a staircase to the Ecumenical Temple.
  5903 | D:6      | Reached skill level 5 in Axes
  6114 | D:6      | Found a shadowy altar of Dithmenos.
  6919 | Temple   | Entered the Ecumenical Temple
  7132 | Temple   | Became a worshipper of Warmaster Okawaru
  7250 | D:6      | Found Mululag's Assorted Antiques.
  7258 | D:6      | Reached XP level 9. HP: 56/56 MP: 9/9
  7269 | D:6      | Reached skill level 1 in Invocations
  7510 | D:7      | Found a transporter.
  7626 | D:7      | Identified the +7 dire flail of Winter {holy, rF+}
  8009 | D:7      | Found a runed translucent door.
  8044 | D:7      | Found a transporter.
  8416 | D:7      | Noticed Olga's ghost (novice DDFi)
  9061 | D:7      | Reached * piety under Okawaru
  9752 | D:8      | Noticed a two-headed ogre
  9753 | D:8      | Found a snail-covered altar of Cheibriados.
  9999 | D:8      | Noticed a hornet
 10000 | D:8      | Noticed a komodo dragon
 10271 | D:8      | Killed a hornet
 10272 | D:8      | Reached skill level 5 in Invocations
 10272 | D:8      | Reached XP level 10. HP: 39/64 MP: 13/13
 10281 | D:8      | Demolished by a komodo dragon

Illustrated notes

Levels and vault maps discovered:
D:1:      dpeg_arrival_shrine, layout_basic
D:2:      minmay_chambers_of_twos, layout_loops_corners, minmay_pentomino_v4
D:3:      layout_basic
D:4:      cheibrodos_greedy_goblins, layout_loops_ring, uniq_edmund
D:5:      layout_cave_pools, mainiacjoe_overflow_large_starburst,
          minmay_temple_entry_from_below_a, minmay_holes, uniq_prince_ribbit1,
          uniq_sigmund
D:6:      layout_rooms, nicolae_dithmenos_shadow_blocks, serial_shops,
          kennysheep_mini_moat
D:7:      layout_basic, gammafunk_ghost_smash, lightli_church_of_beogh
D:8:      layout_loops_cross, slow_altar_1, corner_web_ring,
          hangedman_abyss_or_decor_lesser_grid, hangedman_glass_teeth
Temple:   dpeg_five_rooms_temple

Skill      XL: |  1  2  3  4  5  6  7  8  9 |
---------------+----------------------------+-----
Axes           | 2 3 4 5 6 |  6.2
Fighting       | 4 5 6 7 |  7.8
Armour         | 4 5 6 7 |  7.8
Shields        | 4 5 6 7 |  7.8
Invocations    | 5 |  5.1

Action                   |  1- 3 |  4- 6 |  7- 9 | 10-12 || total
-------------------------+-------+-------+-------+-------++-------
Melee: War axe           |    94 |   210 |   355 |     6 ||   665
       Flail             |       |       |    77 |       ||    77
Throw: Boomerang         |       |       |    13 |       ||    13
       Javelin           |       |       |     6 |       ||     6
       Throwing net      |       |       |     1 |       ||     1
Evoke: Wand              |       |     1 |    15 |     2 ||    18
  Use: Potion            |       |     1 |       |     1 ||     2
       Scroll            |       |       |     8 |       ||     8
 Stab: Held in net/web   |       |       |     1 |       ||     1
Armor: Scale mail        |    76 |    82 |    14 |       ||   172
       Ring mail         |       |    24 |   230 |       ||   254
       Chain mail        |       |       |    52 |       ||    52
Dodge: Dodged            |    43 |   123 |   275 |     3 ||   444
Block: Buckler           |    22 |    57 |   111 |       ||   190
       Kite shield       |       |       |    39 |     2 ||    41
